 Dungeon Crawl Stone Soup version 0.17.0-18-gaab0e96 (webtiles) character file.

6367 oplop the Nimble (level 10, -3/74 HPs)
             Began as a Merfolk Ice Elementalist on Nov 11, 2015.
             Was a Priest of Cheibriados.
             Slain by an unseen horror (10 damage)
             ... on level 10 of the Dungeon.
             The game lasted 00:23:03 (10098 turns).

oplop the Nimble (Merfolk Ice Elementalist)        Turns: 10098, Time: 00:23:03

Health: -3/74      AC: 15    Str: 19    XL:     10   Next: 97%
Magic:  26/33      EV: 20    Int: 23    God:    Cheibriados [***...]
Gold:   607        SH:  0    Dex: 21    Spells: 5 memorised, 8 levels left

rFire  . . .     SeeInvis .     y - +0 halberd
rCold  + . .     Clarity  +     q - +3 leather armour {rC+}
rNeg   . . .     SustAt   .     (shield currently unavailable)
rPois  .         Gourm    .     (helmet restricted)
rElec  .         Spirit   .     (no cloak)
rCorr  .         Warding  .     F - +0 pair of gloves
rMut   .         Stasis   .     (no boots)
MR     .....                    C - amulet of clarity
Stlth  ++........               o - ring of magical power
                                k - ring of wizardry

@: icy armour, about to teleport, very slow, not resistant to hostile
enchantments, unstealthy
A: change form in water, swift swim, horns 1, icy blue scales 1, clumsy 1, high
mp 1, evolution 1
a: Bend Time, Temporal Distortion, Renounce Religion


You were on level 10 of the Dungeon.
You worshipped Cheibriados.
Cheibriados was most pleased with you.
You were not hungry.

You visited 2 branches of the dungeon, and saw 11 of its levels.

You collected 607 gold pieces.

Inventory:

Hand Weapons
 e - a +0 whip
 y - a +0 halberd (weapon)
Armour
 a - a +0 robe
 q - a +3 leather armour of cold resistance (worn)
 F - a +0 pair of gloves (worn)
Jewellery
 h - an uncursed ring of wizardry
 k - a ring of wizardry (left hand)
 m - an uncursed ring of see invisible
 o - a ring of magical power (right hand)
 u - a +3 ring of dexterity
 C - an amulet of clarity (around neck)
Wands
 g - a wand of draining (9)
 J - a wand of frost (11)
Scrolls
 i - 6 scrolls of identify
 j - 2 scrolls of remove curse
 n - 2 scrolls of teleportation
 v - 2 scrolls of enchant armour
Potions
 f - 3 potions of heal wounds
 l - 2 potions of curing
 p - 2 potions of cure mutation {unknown}
 s - 2 potions of poison {unknown}
 w - a potion of brilliance {unknown}
 x - a potion of lignification {unknown}
 z - a potion of ambrosia {unknown}
 A - a potion of experience {unknown}
 D - a potion of degeneration {unknown}
Books
 b - a book of Frost

   Spells                             Type                      Level
   a - Freeze                         Ice                          1
   b - Throw Frost                    Conjuration/Ice              2
   c - Ozocubu's Armour               Charms/Ice                   3
   d - Throw Icicle                   Conjuration/Ice              4
   e - Summon Ice Beast               Ice/Summoning                4
   f - Condensation Shield            Ice                          4
Comestibles
 c - 7 bread rations
 d - 12 chunks of flesh
 r - 2 meat rations
 H - 8 slices of pizza
 K - 2 beef jerkies


   Skills:
 + Level 5.0 Fighting
 + Level 6.8 Polearms
 - Level 9.5 Dodging
 - Level 2.1 Stealth
 + Level 7.9 Spellcasting
 + Level 3.2 Conjurations
 - Level 4.0 Summonings
 - Level 8.3 Ice Magic
 + Level 4.1 Invocations


You had 8 spell levels left.
You knew the following spells:

 Your Spells              Type           Power        Failure   Level  Hunger
a - Freeze                Ice            ####         1%          1    None
b - Ozocubu's Armour      Chrm/Ice       ####....     2%          3    None
c - Condensation Shield   Ice            #####.....   1%          4    ###....
d - Summon Ice Beast      Ice/Summ       #####...     4%          4    ###....
e - Throw Icicle          Conj/Ice       #####...     4%          4    ###....


Dungeon Overview and Level Annotations

Branches:
Dungeon (10/15)            Temple (1/1) D:6            Lair (0/8) D:10
    Orc: D:9-12

Altars:
Ashenzari
Cheibriados
Dithmenos
Elyvilon
Fedhas
Gozag
Kikubaaqudgha
Makhleb
Nemelex Xobeh
Okawaru
Qazlal
Ru
Sif Muna
Trog
Vehumet
Xom
Yredelemnul
Zin
The Shining One

Shops:
D:6 %

Annotations:
D:5 Sigmund
D:8 exclusion: oklob plant


Innate Abilities, Weirdness & Mutations

You revert to your normal form in water.
You are very nimble and swift while swimming.
You have a pair of small horns on your head.
You are partially covered in icy blue scales (AC +1).
You are clumsy. (Dex -2)
You have an increased reservoir of magic (+10% MP).
You evolve.


Message History

You are too injured to fight recklessly!
Something hits you but does no damage. Something closely misses you.
Casting: Summon Ice Beast
Confirm with . or Enter, or press ? or * to list all spells.
A film of ice covers your body! Something hits you!
* * * LOW HITPOINT WARNING * * *
Something barely misses you.
Read which item? (? for menu, Esc to quit)
As you read the scroll labeled OPUUK CIBARAG, it crumbles to dust.
It is a scroll of recharging.
Charge which item? (? for menu, Esc to quit)
Your wand of draining glows for a moment.
Something closely misses you. x2
Read which item? (? for menu, Esc to quit)
As you read the scroll of teleportation, it crumbles to dust.
You feel strangely unstable. Something hits you!
* * * LOW HITPOINT WARNING * * *
Something hits you!
You die...

#+## .... ..## .... ##
######.... ..
#........# ######
#.##...#.# ......
#.##...#.# ......
#@##.[.#.# ......
#####........#########
......................÷
...###.†#...........###
. .....................
#####################


There were no monsters in sight!

Vanquished Creatures
  A hill giant (D:10)
  5 yaks
  A deep elf fighter (D:10)
  Eustachio (D:6)
  A soldier ant (D:10)
  2 ice beasts
  2 sky beasts
  A necrophage (D:9)
  A phantom (D:9)
  2 ogres
  6 centaurs
  An orc warrior (D:8)
  3 big kobolds (D:10)
  2 giant frogs
  3 scorpions
  3 killer bees (D:9)
  A water moccasin skeleton (D:9)
  A jelly (D:8)
  4 crimson imps
  5 wights (D:10)
  2 giant frog zombies
  5 orc priests
  2 giant frog skeletons
  2 hounds
  2 centaur skeletons
  5 iguanas
  6 orc wizards
  7 worker ants
  2 sheep (D:7)
  2 hound skeletons
  7 adders
  A river rat (D:10)
  14 gnolls
  An ooze (D:3)
  An adder skeleton (D:5)
  6 worms
  18 orcs
  15 bats
  7 giant cockroaches
  6 hobgoblins
  9 jackals
  15 kobolds
  A ball python (D:2)
  7 giant geckos
  3 giant gecko skeletons
  6 giant newts
  9 goblins
  A jackal zombie (D:6)
  A quokka (D:8)
  A quokka skeleton (D:9)
  10 rats
220 creatures vanquished.

Vanquished Creatures (collateral kills)
  Grinder (D:6)
  9 yaks
  A human (D:7)
  A hog (D:7)
  An ice beast (D:6)
  2 ogres
  A big kobold (D:9)
  A giant frog (D:6)
  A killer bee (D:9)
  A jelly (D:8)
  A giant frog skeleton (D:8)
  An orc priest (D:9)
  An orc wizard (D:9)
  A sheep (D:7)
  2 gnolls (D:6)
  5 orcs
  A bat (D:10)
  2 kobolds (D:9)
33 creatures vanquished.

Vanquished Creatures (others)
  2 kobolds (D:10)
  2 fungi (D:10)
4 creatures vanquished.

Grand Total: 257 creatures vanquished

Notes
Turn   | Place    | Note
--------------------------------------------------------------
     0 | D:1      | oplop the Merfolk Ice Elementalist began the quest for the Orb.
     0 | D:1      | Reached XP level 1. HP: 13/13 MP: 3/3
   172 | D:1      | Reached XP level 2. HP: 17/19 MP: 5/5
   424 | D:1      | Reached XP level 3. HP: 12/24 MP: 0/6
   794 | D:2      | Reached skill level 4 in Ice Magic
  1144 | D:2      | Learned a level 3 spell: Ozocubu's Armour
  1259 | D:2      | Found a basalt altar of Yredelemnul.
  1272 | D:2      | Reached XP level 4. HP: 21/30 MP: 8/8
  1867 | D:3      | Reached XP level 5. HP: 24/35 MP: 0/10
  2964 | D:3      | Reached XP level 6. HP: 25/41 MP: 10/11
  2968 | D:3      | Reached skill level 5 in Ice Magic
  3099 | D:4      | Learned a level 4 spell: Condensation Shield
  3104 | D:4      | Learned a level 4 spell: Summon Ice Beast
  3280 | D:4      | Reached skill level 5 in Dodging
  3768 | D:4      | Found a deep blue altar of Sif Muna.
  3889 | D:5      | Entered Level 5 of the Dungeon
  3920 | D:5      | Reached XP level 7. HP: 21/46 MP: 13/13
  3926 | D:5      | Gained mutation: You have an increased reservoir of magic (+10% MP). [mutagenic meat]
  3927 | D:5      | Gained mutation: You tend to lose your temper in combat. [mutagenic meat]
  3928 | D:5      | Gained mutation: You evolve. [mutagenic meat]
  3929 | D:5      | Gained mutation: You have a pair of small horns on your head. [mutagenic meat]
  4161 | D:5      | Reached skill level 6 in Dodging
  4486 | D:5      | Reached skill level 1 in Summonings
  4705 | D:5      | Found a shattered altar of Ashenzari.
  4731 | D:5      | Found a shattered altar of Ashenzari.
  4735 | D:5      | Noticed Sigmund
  4896 | D:5      | Gained mutation: You are partially covered in icy blue scales (AC +1). [evolution]
  5007 | D:5      | Reached skill level 5 in Spellcasting
  5202 | D:6      | Reached XP level 8. HP: 42/52 MP: 17/17
  5348 | D:6      | Found an iron altar of Okawaru.
  5401 | D:6      | Noticed Eustachio
  5478 | D:6      | Killed Eustachio
  5478 | D:6      | Reached skill level 7 in Dodging
  5762 | D:6      | Found a staircase to the Ecumenical Temple.
  5793 | Temple   | Entered the Ecumenical Temple
  6097 | D:6      | Found Inuenlie's Food Shoppe.
  6199 | D:6      | Reached skill level 8 in Dodging
  6200 | D:6      | Reached XP level 9. HP: 25/57 MP: 13/19
  6223 | D:6      | Found a stormy altar of Qazlal.
  6227 | D:6      | Found an opulent altar of Gozag.
  6232 | D:6      | Found a sacrificial altar of Ru.
  6283 | D:6      | Noticed Grinder
  6516 | D:6      | Gained mutation: You are clumsy. (Dex -2) [evolution]
  6539 | D:6      | Killed Grinder
  6658 | D:6      | Found a blossoming altar of Fedhas.
  6659 | D:6      | Found an ancient bone altar of Kikubaaqudgha.
  6916 | D:7      | Found a snail-covered altar of Cheibriados.
  7161 | D:7      | Found a sparkling altar of Nemelex Xobeh.
  7285 | D:7      | Reached skill level 1 in Polearms
  7290 | D:7      | Found a radiant altar of Vehumet.
  7334 | D:7      | Reached skill level 1 in Fighting
  7702 | D:8      | Found a sacrificial altar of Ru.
  7702 | D:8      | Noticed an oklob plant
  7763 | D:8      | Learned a level 4 spell: Throw Icicle
  7838 | D:8      | Reached skill level 9 in Dodging
  8024 | D:8      | Found a shimmering altar of Xom.
  8252 | D:8      | Found a glowing silver altar of Zin.
  8582 | D:7      | Became a worshipper of Cheibriados the Contemplative
  8710 | D:9      | Reached XP level 10. HP: 40/70 MP: 6/22
  8756 | D:9      | Reached skill level 1 in Conjurations
  8883 | D:9      | Reached skill level 1 in Invocations
  8952 | D:9      | Reached * piety under Cheibriados
  9010 | D:9      | Reached skill level 5 in Polearms
  9119 | D:9      | Lost mutation: You tend to lose your temper in combat. [evolution]
  9141 | D:9      | Noticed a lindwurm
  9143 | D:9      | Noticed a lindwurm
  9506 | D:10     | Entered Level 10 of the Dungeon
  9569 | D:10     | Reached ** piety under Cheibriados
  9741 | D:10     | Found a staircase to the Lair.
  9829 | D:10     | Noticed a hill giant
  9843 | D:10     | Killed a hill giant
  9902 | D:10     | Reached *** piety under Cheibriados
 10061 | D:10     | Reached skill level 5 in Fighting
 10098 | D:10     | Slain by an unseen horror

Action                   |  1- 3 |  4- 6 |  7- 9 | 10-12 || total
-------------------------+-------+-------+-------+-------++-------
Melee: Whip              |    52 |    68 |   163 |       ||   283
       Unarmed           |     1 |       |       |       ||     1
       Halberd           |       |       |   120 |   236 ||   356
       Staff             |       |       |     1 |       ||     1
 Cast: Freeze            |    45 |   136 |   128 |    31 ||   340
       Ozocubu's Armour  |       |     9 |    29 |     8 ||    46
       Condensation Shie |       |       |    26 |     7 ||    33
       Summon Ice Beast  |       |       |    23 |    20 ||    43
       Throw Icicle      |       |       |     4 |     5 ||     9
  Use: Potion            |       |       |     3 |       ||     3
       Scroll            |       |       |    13 |     2 ||    15
 Stab: Sleeping          |     2 |     2 |     2 |     1 ||     7
       Distracted        |       |     1 |     3 |     6 ||    10
  Eat: Chunk             |     1 |     4 |    22 |     8 ||    35
       Meat ration       |       |     1 |     1 |       ||     2
       Bread ration      |       |       |     1 |       ||     1
